 Dungeon Crawl Stone Soup version 0.30-a0-718-geaa24f58ff (webtiles) character file.

Game seed: 6766838791386870514

161 Crownlay the Digger (level 5, -1/31 HPs)
             Began as an Octopode Earth Elementalist on Jan 25, 2023.
             Slain by a river rat (4 damage)
             ... in a sewer.
             The game lasted 00:04:04 (2012 turns).

Crownlay the Digger (Octopode Earth Elementalist)   Turns: 2012, Time: 00:04:05

Health: -1/31      AC:  1    Str:  8    XL:     5   Next: 42%
Magic:  2/8        EV: 13    Int: 19    God:
Gold:   91         SH:  0    Dex: 12    Spells: 4/8 levels left

rFire   . . .      SeeInvis .    j - +0 dagger
rCold   . . .      Faith    .    (no shield)
rNeg    . . .      Spirit   .    (helmet restricted)
rPois   .          Reflect  .    (no amulet)
rElec   .          Harm     .    (no ring)
rCorr   .          Rampage  .    (no ring)
Will    .....                    (no ring)
Stlth   ++++                     (no ring)
HPRegen 0.25/turn                (no ring)
MPRegen 0.11/turn                (no ring)
                                 (no ring)
                                 (no ring)

@: no status effects
A: almost no armour, amphibious, 8 rings, camouflage 1, gelatinous body 1,
(nimble swimmer 1), tentacles
a: no special abilities


You were in a sewer.
You visited 1 branch of the dungeon, and saw 3 of its levels.
You also visited: Sewer.

You collected 91 gold pieces.

Inventory:

Hand Weapons
 j - a +0 dagger (weapon)
Missiles
 c - 3 throwing nets
Scrolls
 b - a scroll of immolation {unknown}
 f - a scroll of amnesia {unknown}
 g - a scroll of magic mapping {unknown}
 i - a scroll of poison {unknown}
Potions
 a - 2 potions of magic
 d - a potion of berserk rage {unknown}
 e - a potion of heal wounds {unknown}
 h - a potion of ambrosia {unknown}


   Skills:
 - Level 2.0 Dodging
 + Level 4.4 Stealth
 - Level 2.0 Spellcasting
 + Level 1.6 Necromancy
 - Level 1.0 Transmutations
 * Level 5.0 Earth Magic


You had 4 spell levels left.
You knew the following spells:

 Your Spells              Type           Power      Damage    Failure   Level
a - Sandblast             Erth           40%        2d10      2%          1
b - Stone Arrow           Conj/Erth      22%        3d8       19%         3

Your spell library contained the following spells:

 Spells                   Type           Power      Damage    Failure   Level
 Passwall                 Tmut/Erth      10%        N/A       8%          2
 Cigotuvi's Dreadful Rot  Necr/Pois/Air  6%         N/A       21%         2
 Petrify                  Tmut/Erth      13%        N/A       43%         4
 Dispel Undead            Necr           8%         3d8       65%         4
 Death Channel            Necr           4%         N/A       100%        6


Dungeon Overview and Level Annotations

Branches:
Dungeon (3/15)              Sewer (1/1)

Altars:
Okawaru


Innate Abilities, Weirdness & Mutations

You cannot wear most types of armour.
You are amphibious.
You can wear up to eight rings at the same time.
Your skin changes colour to match your surroundings (Stealth+).
Your rubbery body absorbs attacks. (AC +1, EV +1)
((You are camouflaged when in or above water. (Stealth+)))
You have tentacles for arms and can constrict up to eight enemies at once.


Message History

The rat misses you.
Casting: Sandblast (safe; 2% risk of failure)
Confirm with . or Enter, or press ? or * to list all spells.
Aiming: Sandblast (safe; 2% risk of failure)
Press: ? - help, Shift-Dir - straight line, f/p - river rat
Aim: a river rat (moderately wounded, constricted by you, 94% to hit)
The blast of sand hits the river rat.
The river rat is severely wounded.
You constrict the river rat, but do no damage.
The river rat closely misses you. The rat bites you. The river rat misses you.
The river rat bites you! The rat closely misses you.
The river rat struggles to escape constriction.
Casting: Sandblast (safe; 2% risk of failure)
Confirm with . or Enter, or press ? or * to list all spells.
Aiming: Sandblast (safe; 2% risk of failure)
Press: ? - help, Shift-Dir - straight line, f/p - river rat
Aim: a river rat (severely wounded, constricted by you, 94% to hit)
The blast of sand hits the river rat!
You kill the river rat!
The river rat bites you! The rat bites you.
Your Earth Magic skill increases to level 5!
Casting: Sandblast (safe; 2% risk of failure)
Confirm with . or Enter, or press ? or * to list all spells.
Aiming: Sandblast (safe; 2% risk of failure)
Press: ? - help, Shift-Dir - straight line, f - river rat
Aim: a river rat (81% to hit)
The blast of sand misses the river rat.
The river rat closely misses you. The rat bites you. The river rat bites you.
* * * LOW HITPOINT WARNING * * *
The rat misses you. The rat bites you but does no damage.
Casting: Sandblast (safe; 2% risk of failure)
Confirm with . or Enter, or press ? or * to list all spells.
Aiming: Sandblast (safe; 2% risk of failure)
Press: ? - help, Shift-Dir - straight line, f/p - river rat
Aim: a river rat (81% to hit)
Okay, then.
The rat attacks as you move away! The rat bites you.
* * * LOW HITPOINT WARNING * * *
The river rat attacks as you move away! The river rat bites you.
You die...

≈~#~~~≈≈~~≈~~.†..#
~~~#≈#~~~~††~..†.#
≈~≈~≈~.≈≈≈†≈.....##
≈≈≈≈≈≈≈≈≈≈≈≈#.....#
##############..†.#
##...## ##...#
#...# #@r.# #rrr##
#....# #....r#
~.....## ~~~....#
~~~.....# #≈≈~..r##


You could see a river rat and 5 rats.

Vanquished Creatures
  3 adders (D:3)
  3 gnolls (D:3)
  2 river rats (Sewer)
  A dart slug (D:1)
  2 orcs (D:3)
  6 endoplasms
  4 giant cockroaches
  7 goblins
  8 hobgoblins
  4 jackals (D:1)
  2 quokkas (D:1)
  9 ball pythons
  7 bats
  3 frilled lizards
  6 kobolds
  19 rats
86 creatures vanquished.

Notes
Turn   | Place    | Note
-------+----------+-------------------------------------------
     0 | D:1      | Crownlay the Octopode Earth Elementalist began the quest
                  | for the Orb.
     0 | D:1      | Reached XP level 1. HP: 11/11 MP: 3/3
   123 | D:1      | Reached XP level 2. HP: 17/17 MP: 5/5
   448 | D:1      | Found a faded altar of an unknown god.
   557 | D:1      | Reached XP level 3. HP: 21/21 MP: 2/6
   607 | D:1      | Reached skill level 4 in Earth Magic
   769 | D:1      | You fall into a shaft and drop 1 floor!
   782 | D:2      | Learned a level 3 spell: Stone Arrow
  1662 | D:3      | Reached XP level 4. HP: 27/27 MP: 3/7
  1737 | D:3      | Found an iron altar of Okawaru.
  1749 | D:3      | Reached skill level 1 in Necromancy
  1821 | D:3      | Reached XP level 5. HP: 31/31 MP: 3/8
  1892 | D:3      | Found a glowing drain.
  1907 | Sewer    | Entered a sewer
  2011 | Sewer    | Reached skill level 5 in Earth Magic
  2012 | Sewer    | Slain by a river rat

Illustrated notes

Levels and vault maps discovered:
D:1:      dpeg_arrival_connections, layout_loops_ring,
          hellmonk_ecumenical_altar_prayer_group
D:2:      layout_basic
D:3:      layout_rooms, okawaru_altar_gauntlet_db, portal_sewer_entry_a
Sewer:    sewer_minmay_w

Skill      XL: |  1  2  3  4  5 |
---------------+----------------+-----
Stealth        | 3 4 |  4.4
Earth Magic    | 4 5 |  5.0
Necromancy     | 1 |  1.6
Dodging        | |  2.0
Spellcasting   | |  2.0
Transmutations | |  1.0

Action                     |  1- 3 |  4- 6 || total
---------------------------+-------+-------++-------
  Melee: Unarmed           |     7 |    24 ||    31
         Tentacles         |     3 |     9 ||    12
         Constrict         |     2 |    12 ||    14
         Dagger            |       |    17 ||    17
   Cast: Sandblast         |    61 |    38 ||    99
   Stab: Sleeping          |       |     2 ||     2
 Armour: Skin              |     1 |    21 ||    22
  Dodge: Dodged            |    20 |    81 ||   101

Table legend: (Time is in decaauts)
 A = Elapsed time spent in this place.
 B = Non-inter-level travel time spent in this place.
 C = Inter-level travel time spent in this place.
 D = Time resting spent in this place.
 E = Time spent auto-exploring this place.
 F = Levels seen in this place.
 G = Mean time per level.
                   A        B        C        D        E       F      G
               +--------+--------+--------+--------+--------+-----+--------+
         Total |   2062 |   1977 |     85 |      0 |   1426 |   4 |  515.5 |
       Dungeon |   1952 |   1867 |     85 |      0 |   1363 |   3 |  650.7 |
         Sewer |    109 |    109 |      0 |      0 |     63 |   1 |  109.0 |
               +--------+--------+--------+--------+--------+-----+--------+

Top non-repeatable levels by time:
     D:1: 1150 daAuts
     D:2: 518 daAuts
     D:3: 283 daAuts
   Sewer: 109 daAuts
